 Dungeon Crawl Stone Soup version 0.24-a0-584-g9d6b971ae4 (webtiles) character file.

Game seed: 14815037895117543764, levelgen mode: deterministic

1485 Mithandil the Skirmisher (level 8, 0/64 HPs)
             Began as a Demonspawn Abyssal Knight on Sept 5, 2019.
             Was an Elder of Lugonu.
             Slain by a shadow imp (1 damage)
             ... on level 6 of the Dungeon.
             The game lasted 00:37:27 (6597 turns).

Mithandil the Skirmisher (DsAK)                     Turns: 6597, Time: 00:37:27

Health: 0/64       AC:  8    Str: 14    XL:     8   Next: 50%
Magic:  13/13      EV:  8    Int: 14    God:    Lugonu [****..]
Gold:   301        SH:  8    Dex: 13    Spells: 7/7 levels left

rFire    . . .     SeeInvis .   a - +1 spear (pierce)
rCold    . . .     Gourm    .   v - +0 shield
rNeg     . . .     Faith    .   m - +0 scale mail
rPois    .         Spirit   .   (helmet restricted)
rElec    .         Reflect  .   q - +0 cloak
rCorr    .         Harm     .   (no gloves)
MR       +....                  (no boots)
Stlth    +.........             (no amulet)
HPRegen  0.20/turn              (no ring)
MPRegen  0.13/turn              (no ring)

@: slowed, very slow
A: antennae 1, high mp 1, magic resistance 1, nightstalker 1, spiny 2,
MP-powered wands
a: Depart the Abyss, Bend Space, Banish, Corrupt, Renounce Religion


You were on level 6 of the Dungeon.
You worshipped Lugonu.
Lugonu was greatly pleased with you.
You were very hungry.

You visited 1 branch of the dungeon, and saw 7 of its levels.
You visited the Abyss 1 time.
You also visited: Ossuary.

You collected 301 gold pieces.

Inventory:

Hand Weapons
 a - a +1 spear of piercing (weapon)
 b - a +0 hunting sling
 g - a +1 dagger of venom
 p - a +2 quarterstaff of chaos
 D - a +2 spear
Missiles
 d - 197 stones
 j - 26 sling bullets
 k - 27 bolts
 s - 15 poisoned darts
 t - 2 boomerangs (quivered)
Armour
 m - a +0 scale mail (worn)
 q - a +0 cloak (worn)
 v - a +0 shield (worn)
Magical Staves
 l - an uncursed staff of earth
Wands
 n - a wand of random effects (21)
 y - a wand of polymorph (6)
 B - a wand of paralysis (10)
Scrolls
 e - 3 scrolls of remove curse
 h - 2 scrolls of teleportation
 i - 13 scrolls of identify
 u - 2 scrolls of fog
Potions
 r - a potion of cancellation
 w - 3 potions of curing
 x - 3 potions of might
 A - a potion of mutation
 C - a potion of haste
Comestibles
 c - 5 rations


   Skills:
 * Level 6.1 Fighting
 + Level 3.3 Polearms
 + Level 2.4 Slings
 + Level 3.2 Armour
 + Level 3.4 Dodging
 + Level 1.6 Stealth
 * Level 2.4 Shields
 - Level 3.0 Unarmed Combat
 + Level 5.3 Invocations


You had 7 spell levels left.
You didn't know any spells.
Your spell library was empty.

Dungeon Overview and Level Annotations

Branches:
Dungeon (7/15)            Ossuary (visited)
 Temple: D:4-7

Altars:
Kikubaaqudgha
Trog
Xom
Yredelemnul
Zin

Annotations:
D:4 Eustachio
D:6 1 transporter


Innate Abilities, Weirdness & Mutations

You have a pair of small antennae on your head.
You are slightly more attuned to the shadows.
You are mostly covered in sharp spines.
You have an increased reservoir of magic. (+10% MP)
You are resistant to hostile enchantments. (MR+)
You expend magic power (3 MP) to strengthen your wands.


Message History

You block the wight's attack. The wraith hits you but does no damage.
The shadow imp hits you but does no damage.
You barely miss the wraith.
The wraith is almost destroyed.
You feel less wooden.
Your +0 cloak unmelds from your body.
Your +0 scale mail unmelds from your body.
You block the wight's attack. The wraith hits you!
* * * LOW HITPOINT WARNING * * *
The shadow imp barely misses you.
You closely miss the wraith.
The wraith is almost destroyed.
The wight is struck by your spines. The wight hits you with a +0 dagger.
* * * LOW HITPOINT WARNING * * *
The wraith is struck by your spines. The wraith hits you!
* * * LOW HITPOINT WARNING * * *
The wraith drains your vigour!
You feel yourself slow down.
The shadow imp is struck by your spines.
The shadow imp hits you.
You die...

#######...).......##.# ##
#. #.......©............#
.## ..
#.#############.....## ..#
#..#.#©..........#......#
..#
#..#.#...........#...#...
.## #.#.#..##...##..#..##
## ##
#...#..#8...8#..#..## #
###...#..##zW5##..#...##
#.....#.....@.....#....#
#...##.#..##...##..#.....#
..##
#.#..#8...8#..#......# ##
#.#..##...##..#.......
#.#...........#......#
#.#.)$_$⌠:_$?.#...####
#.#############.###
#.......©......
#######...##..#


You could see a wraith, a wight and a shadow imp.

Vanquished Creatures
  Grinder (D:4)
  Menkaure (D:6)
  2 phantoms
  An ogre (D:4)
  A centaur (D:6)
  A wight (D:6)
  A centaur zombie (D:5)
  A human zombie (Ossuary)
  An orc priest (D:5)
  A hound (D:5)
  3 orc wizards (D:5)
  Crazy Yiuf (D:2)
  Ijyb (D:3)
  An iguana (D:6)
  6 worker ants
  3 mummies (Ossuary)
  Robin (D:2)
  8 adders
  3 gnolls (D:5)
  3 shadow imps
  2 oozes
  7 adder zombies (Ossuary)
  An adder skeleton (D:4)
  A worm (D:4)
  4 dart slugs
  7 leopard geckos
  15 orcs
  9 bats
  8 giant cockroaches
  9 hobgoblins
  4 jackals (D:2)
  6 kobolds
  A quokka (D:6)
  2 ball pythons
  8 frilled lizards
  A giant cockroach zombie (D:6)
  18 goblins
  2 goblin zombies (Ossuary)
  2 hobgoblin zombies (Ossuary)
  A kobold zombie (Ossuary)
  4 quokka zombies (Ossuary)
  14 rats
  A rat zombie (Ossuary)
  A fungus (D:2)
169 creatures vanquished.

Notes
Turn   | Place    | Note
-------+----------+-------------------------------------------
     0 | Abyss:1  | Mithandil the Demonspawn Abyssal Knight began the quest for
                  | the Orb.
     0 | Abyss:1  | Reached XP level 1. HP: 18/18 MP: 2/2
    33 | Abyss:1  | Noticed an ancient zyme
    34 | D:1      | Escaped the Abyss
   316 | D:2      | Reached skill level 1 in Dodging
   335 | D:2      | Reached * piety under Lugonu
   337 | D:2      | Gained mutation: You are partially covered in sharp spines.
                  | [demonic ancestry]
   337 | D:2      | Reached XP level 2. HP: 17/24 MP: 3/3
   925 | D:1      | Reached XP level 3. HP: 25/29 MP: 5/5
  1501 | D:2      | Reached skill level 1 in Unarmed Combat
  1656 | D:3      | Gained mutation: You are mostly covered in sharp spines.
                  | [demonic ancestry]
  1656 | D:3      | Reached XP level 4. HP: 33/37 MP: 6/6
  1760 | D:2      | Reached ** piety under Lugonu
  1948 | D:2      | Noticed Robin
  1963 | D:1      | Reached skill level 4 in Fighting
  2096 | D:1      | HP: 1/37 [poisoned by an adder]
  2451 | D:2      | Found a bloodstained altar of Trog.
  2493 | D:2      | Gained mutation: You expend magic power (3 MP) to
                  | strengthen your wands. [potion of mutation]
  2493 | D:2      | Gained mutation: You are resistant to hostile enchantments.
                  | (MR+) [potion of mutation]
  2493 | D:2      | Gained mutation: You have an increased reservoir of magic.
                  | (+10% MP) [potion of mutation]
  2571 | D:2      | Killed Robin
  2571 | D:2      | Reached XP level 5. HP: 33/42 MP: 8/8
  2849 | D:2      | Found a runed translucent door.
  2850 | D:2      | Noticed Crazy Yiuf
  2859 | D:2      | Killed Crazy Yiuf
  3060 | D:4      | Noticed Grinder
  3060 | D:4      | Paralysed by Grinder for 3 turns
  3074 | D:4      | Found a sand-covered staircase.
  3079 | Ossuary  | Entered an ossuary
  3091 | Ossuary  | HP: 1/43 [mummy (15)]
  3499 | Ossuary  | Reached *** piety under Lugonu
  3499 | Ossuary  | Reached XP level 6. HP: 38/49 MP: 9/9
  3577 | D:4      | Killed Grinder
  3577 | D:4      | Reached skill level 1 in Slings
  3629 | D:4      | Reached skill level 5 in Fighting
  3696 | D:4      | Noticed Eustachio
  3716 | D:4      | Gained mutation: You are slightly more attuned to the
                  | shadows. [demonic ancestry]
  3716 | D:4      | Reached XP level 7. HP: 54/56 MP: 11/11
  4165 | D:3      | Noticed Ijyb
  4172 | D:3      | Killed Ijyb
  4991 | D:5      | Entered Level 5 of the Dungeon
  5381 | D:5      | Reached skill level 1 in Shields
  5385 | D:5      | Reached **** piety under Lugonu
  5649 | D:5      | Gained mutation: You have a pair of small antennae on your
                  | head. [demonic ancestry]
  5649 | D:5      | Reached XP level 8. HP: 48/64 MP: 12/12
  5820 | D:5      | Reached skill level 5 in Invocations
  5927 | D:5      | Found a glowing silver altar of Zin.
  5951 | D:5      | Reached skill level 1 in Stealth
  6108 | D:5      | Found a shimmering altar of Xom.
  6311 | D:6      | Reached skill level 6 in Fighting
  6474 | D:6      | Found a basalt altar of Yredelemnul.
  6475 | D:6      | Found an ancient bone altar of Kikubaaqudgha.
  6475 | D:6      | Noticed Menkaure
  6488 | D:6      | Found a transporter.
  6496 | D:6      | Found a transporter.
  6563 | D:6      | Killed Menkaure
  6597 | D:6      | HP: 1/64 [wraith (10)]
  6597 | D:6      | Slain by a shadow imp

Levels and vault maps discovered:
D:1:      lemuel_arrival_rhombus, layout_basic, minmay_unequal
D:2:      layout_rooms, overflow_temple_1_default, minmay_domino_4,
          uniq_crazy_yiuf_cottage, uniq_robin
D:3:      layout_basic, minivault_27, uniq_ijyb
D:4:      layout_loops_cross, enter_ossuary_2, gup_sewer_entry_pipe,
          first_ration, uniq_eustachio, uniq_grinder
D:5:      layout_rooms, xom_teletrap_fun, lemuel_crystal_altar
D:6:      layout_cave_pods, gammafunk_temple_of_torment
D:7:      minmay_flawed_box, layout_loops_ring, nicolae_qazlal_eye_of_the_storm,
          minmay_temple_entry_fiery

Skill      XL: |  1  2  3  4  5  6  7  8 |
---------------+-------------------------+-----
Dodging        | 1 2 3 |  3.4
Armour         | 2 3 |  3.2
Invocations    | 3 4 5 |  5.3
Unarmed Combat | 1 2 3 |  3.0
Fighting       | 4 5 6 |  6.1
Polearms       | 2 3 |  3.3
Slings         | 1 2 |  2.4
Shields        | 1 2 |  2.4
Stealth        | 1 |  1.6

Action                   |  1- 3 |  4- 6 |  7- 9 || total
-------------------------+-------+-------+-------++-------
Melee: Spear             |   124 |   185 |   295 ||   604
 Fire: Hunting sling     |       |    15 |    23 ||    38
Throw: Stone             |    55 |    14 |       ||    69
Invok: Depart the Abyss  |     1 |       |       ||     1
       Bend Space        |       |       |     1 ||     1
  Use: Potion            |     2 |     5 |     7 ||    14
       Scroll            |     2 |     1 |     8 ||    11
 Stab: Sleeping          |       |       |     2 ||     2
  Eat: Chunk             |     2 |     6 |     3 ||    11
       Ration            |       |     1 |     1 ||     2
Armor: Leather armour    |    15 |       |       ||    15
       Ring mail         |    14 |    18 |       ||    32
       Scale mail        |       |    36 |    88 ||   124
       Skin              |       |       |   120 ||   120
Dodge: Dodged            |    56 |    69 |    68 ||   193
Block: Shield            |       |       |   136 ||   136

Table legend:
 A = Non-vault XP
 B = Vault XP
 C = Vault XP percentage of total XP
 D = Non-vault monster count
 E = Vault monster count
 F = Vault count percentage of total count
                 A         B        C        D         E       F
            +---------+---------+-------+---------+---------+-------
      Total |    1321 |     801 |  37.7 |     117 |      51 |  30.4
            +---------+---------+-------+---------+---------+-------
        D:1 |      31 |      33 |  51.6 |      18 |      11 |  37.9
        D:2 |      86 |      79 |  47.9 |      31 |       9 |  22.5
        D:3 |     183 |      38 |  17.2 |      26 |       1 |   3.7
        D:4 |     197 |     273 |  58.1 |       6 |       7 |  53.8
        D:5 |     640 |       0 |   0.0 |      27 |       0 |   0.0
        D:6 |     173 |     226 |  56.6 |       8 |       2 |  20.0
        D:7 |      11 |       0 |   0.0 |       1 |       0 |   0.0
    Ossuary |       0 |     152 | 100.0 |       0 |      21 | 100.0
            +---------+---------+-------+---------+---------+-------
